AoeStats
← jaime001254

Pilgrims

509517056Analyzed
2v2 RM · 5d ago on Sep 27, 2026· 23m 16s· 4 players
Game mode
Random Map
Map size
Medium (4 player)
Population
200
Speed
Normal
Resources
Standard
Victory
Conquest
Starting age
Dark Age
Ending age
Imperial Age
RankedLock teamsTeams togetherTeam positionsShared explorationLock speedFull tech treeHidden civsTurbo modeCheats
Victory
Defeat
🇨🇴 Hindustanis · Colombia
1027
+16
🇨🇴 Teutons · Colombia
1026
+16
🇺🇸 Sicilians · United States
1042
-16
🇺🇸 Varangians · United States
1020
-16
jaime001254
3:06 Loom
11:42 Feudal Age
17:21 Castle Age
15:04 Man-at-Arms
16:12 Forging
16:02 Scale Mail Armor
18:24 Squires
20:00 Wheelbarrow
19:34 Gambesons
19:22 Long Swordsman
20:39 Arson
20:48 Town Watch
20:55 Fishing Lines
DarkRyu
4:18 Loom
11:27 Feudal Age
16:21 Castle Age
17:04 Bloodlines
16:43 Light Cavalry
17:09 Town Watch
17:42 Forging
17:59 Husbandry
20:03 Double-Bit Axe
20:37 Gold Mining
20:38 Horse Collar
22:21 Scale Barding Armor
nickelcent32
6:37 Loom
12:05 Feudal Age
13:09 Double-Bit Axe
20:10 Castle Age
21:19 Scale Mail Armor
21:29 Forging
05ultraclassic
11:13 Feudal Age
12:45 Double-Bit Axe
14:44 Fishing Lines
20:45 Castle Age
21:40 Pikeman
Connection lost

Rejoining the realm…

Still unreachable

The connection could not be restored.

Session expired

The server has moved on; the page needs a fresh start.